 Dungeon Crawl Stone Soup version 0.30.1 (webtiles) character file.

Game seed: 17392123096078707765

98 Sanktem7 the Shield-Bearer (level 4, 0/40 HPs)
             Began as a Minotaur Fighter on July 13, 2023.
             Slain by an orc priest
             ... wielding a +0 club
              (2 damage)
             ... on level 3 of the Dungeon.
             The game lasted 00:01:38 (1575 turns).

Sanktem7 the Shield-Bearer (Minotaur Fighter)       Turns: 1575, Time: 00:01:39

Health: 0/40       AC:  7    Str: 23    XL:     4   Next: 43%
Magic:  3/3        EV:  9    Int:  5    God:
Gold:   209        SH:  4    Dex:  9    Spells: 3/3 levels left

rFire   . . .        a - +0 war axe {axe}
rCold   . . .        c - +0 buckler
rNeg    . . .        b - +0 scale mail
rPois   .            (helmet restricted)
rElec   .            (no cloak)
rCorr   .            (no gloves)
SInv    .            (no boots)
Will    .....        (no amulet) Stlth
                     (no ring)
HPRegen 0.26/turn    (no ring)
MPRegen 0.08/turn

%: no passive effects
@: brilliant
A: horns 2, retaliatory headbutt
a: no special abilities


You were on level 3 of the Dungeon.
You visited 1 branch of the dungeon, and saw 3 of its levels.

You collected 209 gold pieces.


Innate Abilities, Weirdness & Mutations

You have a pair of horns on your head.
You reflexively headbutt those who attack you in melee.


   Skills:
 + Level 4.2 Fighting
 * Level 4.0 Axes
 + Level 4.3 Armour
 + Level 4.3 Shields


You had 3 spell levels left.
You didn't know any spells.
Your spell library was empty.

Inventory:

Hand Weapons
 a - a +0 war axe (weapon) {axe}
 m - a +2 whip of draining {mace}
   (You found it on level 1 of the Dungeon)
 p - a +1 dagger of protection {short}
   (You found it on level 2 of the Dungeon)
Missiles
 e - 54 stones (quivered) {throwing}
 q - 4 atropa-tipped darts {throwing}
Armour
 b - a +0 scale mail (worn)
 c - a +0 buckler (worn)
Jewellery
 r - an amulet of guardian spirit
   (You found it on level 3 of the Dungeon)
Scrolls
 g - a scroll of identify {unknown}
 h - a scroll of noise {unknown}
 i - a scroll of fear {unknown}
 j - a scroll of poison {unknown}
 k - a scroll of teleportation {unknown}
 n - 2 scrolls of amnesia {unknown}
 o - a scroll of brand weapon {unknown}
Potions
 d - 2 potions of might
 f - a potion of brilliance
 l - 2 potions of heal wounds {unknown}
 s - a potion of magic {unknown}

Dungeon Overview and Level Annotations

Branches:
Dungeon (3/15) Zot: 16379

Altars:
Zin

..# #.# #.# #######
#.# #.# ......# #.#
#.# ......# #.# #.#
####..# #.# #.#
#..####.# #.#
#.......####.######...
##...........@oo......
#####################


You could see an orc priest and an orc.


Message History

You hit the bat.
You kill the bat!
No target in view!
No target in view!
No target in view!
No target in view!
No target in view!
No target in view!
No target in view!
You see here a bat corpse.
r - an amulet of guardian spirit
s - a golden potion
Found a stone staircase leading up.
You see here a +0 buckler.
You see here a +0 buckler.
Found a stone staircase leading up.
There is a stone staircase leading up here.
There is a stone staircase leading up here.
There is a stone staircase leading up here.
An orc comes into view. It is wielding a +0 hand axe.
The orc shouts!
An orc is nearby!
An orc is nearby!
The orc hits you but does no damage.
You hit the orc but do no damage. The orc closely misses you.
You furiously retaliate!
You headbutt the orc!
You kill the orc!
No target in view!
No target in view!
No target in view!
No target in view!
Things that are here:
a +0 hand axe {axe}; a +0 leather armour You now have 209 gold pieces (gained 14).
Key pressed, stopping explore.
An orc comes into view. It is wielding a +0 club.
The orc shouts!
You hear a shout!
An orc is nearby!
An orc comes into view. It is wielding a +0 short sword.
An orc priest comes into view. It is wielding a +0 club.
An orc comes into view. It is wielding a +0 club.
The orc barely misses you.
You closely miss the orc.
The orc shouts!
The orc barely misses you.
An orc comes into view. It is wielding a +0 dagger.
The orc hits you but does no damage.
The orc shouts!
You hit the orc. The orc barely misses you.
You closely miss the orc. You headbutt the orc.
You kill the orc!
The orc barely misses you.
Your Axes skill increases to level 4!
You barely miss the orc. The orc hits you but does no damage.
You hit the orc but do no damage. You slash the orc!
You kill the orc!
You closely miss the orc. Your headbutt misses the orc.
You block the orc's attack. The orc hits you but does no damage.
You hit the orc. You block the orc's attack.
You hit the orc but do no damage. Your headbutt misses the orc.
The orc hits you but does no damage.
You barely miss the orc. You block the orc's attack. x2
You barely miss the orc. You block the orc's attack.
You hit the orc but do no damage. You headbutt the orc.
You kill the orc!
You hit the orc priest but do no damage.
The orc priest hits you with a +0 club.
The orc priest hits you but does no damage. 😕 HP[-4]
You take 4 damage, and now have 36/40 hp.
You hit the orc priest but do no damage.
You block the orc priest's attack. 😕 HP[+1]
You slash the orc priest! The orc priest closely misses you.
You barely miss the orc priest.
The orc priest invokes the aid of Beogh against you.
Beogh smites you!
The orc priest calls down the wrath of Beogh upon you.
Beogh smites you!
* * * LOW HITPOINT WARNING * * *
😨 HP[-21]
You take 21 damage, and now have 16/40 hp.
MASSIVE DAMAGE!! (PAUSE)
You barely miss the orc priest. Your headbutt misses the orc priest.
The orc priest barely misses you. You furiously retaliate!
You headbutt the orc priest. 😨 HP[+1]
You barely miss the orc priest.
The orc priest mumbles some strange prayers to Beogh against you.
Beogh smites you!
* * * LOW HITPOINT WARNING * * *
😱 HP[-16]
You take 16 damage, and now have 1/40 hp.
MASSIVE DAMAGE!! (PAUSE)
Okay, then.
It was a potion of brilliance.
You feel clever all of a sudden. The orc priest hits you with a +0 club.
You die...

Skill      XL: |  1  2  3  4 |
---------------+-------------+-----
Axes           | 3 4 |  4.0
Armour         | 4 |  4.3
Fighting       | 4 |  4.2
Shields        | 4 |  4.3

Action                     |  1- 3 |  4- 6 || total
---------------------------+-------+-------++-------
  Melee: War axe           |    74 |    49 ||   123
         Headbutt          |     9 |     9 ||    18
    Use: Potion            |       |     1 ||     1
 Armour: Scale mail        |    45 |    26 ||    71
  Dodge: Dodged            |    40 |    16 ||    56
  Block: Buckler           |    19 |    17 ||    36

Levels and vault maps discovered:
D:1:      dpeg_arrival_lava_temple_mockup, layout_loops_ring,
          minmay_heptomino_o4
D:2:      layout_basic, hellmonk_ecumenical_altar_heavens_door, basic_altar,
          item_on_display_a
D:3:      layout_loops_ring, mainiacjoe_overflow_catwalk_spiral,
          nicolae_figureground_sparkle

Notes
Turn   | Place    | Note
-------+----------+-------------------------------------------
     0 | D:1      | Sanktem7 the Minotaur Fighter began the quest for the Orb.
     0 | D:1      | Reached XP level 1. HP: 19/19 MP: 0/0
     0 | D:1      | magus.rc [v1.9.6]
    56 | D:1      | Reached XP level 2. HP: 23/27 MP: 1/1
    63 | D:1      | Reached skill level 3 in Axes
   235 | D:1      | Reached skill level 4 in Armour
   246 | D:1      | Reached skill level 4 in Fighting
   246 | D:1      | Reached XP level 3. HP: 30/33 MP: 2/2
   252 | D:1      | Reached skill level 4 in Shields
   816 | D:2      | Found a glowing silver altar of Zin.
   838 | D:2      | Reached XP level 4. HP: 40/40 MP: 3/3
  1251 | D:2      | Found a faded altar of an unknown god.
  1559 | D:3      | Reached skill level 4 in Axes
  1573 | D:3      | HP: 1/40 [orc priest/divine providence (16)]
  1575 | D:3      | Slain by an orc priest

Vanquished Creatures
  A gnoll (D:1)
  3 adders (D:2)
  A worm (D:2)
  4 orcs (D:3)
  3 ball pythons (D:1)
  3 endoplasms (D:1)
  2 giant cockroaches (D:1)
  2 hobgoblins
  4 jackals (D:1)
  4 quokkas
  7 bats
  4 frilled lizards
  5 goblins
  4 kobolds
  5 rats
52 creatures vanquished.

Table legend:
 A = Non-vault XP
 B = Vault XP
 C = Vault XP percentage of total XP
 D = Non-vault monster count
 E = Vault monster count
 F = Vault count percentage of total count
                 A         B        C        D         E       F
            +---------+---------+-------+---------+---------+-------
      Total |     134 |       6 |   4.3 |      48 |       4 |   7.7
            +---------+---------+-------+---------+---------+-------
        D:1 |      61 |       6 |   9.0 |      28 |       4 |  12.5
        D:2 |      57 |       0 |   0.0 |      13 |       0 |   0.0
        D:3 |      16 |       0 |   0.0 |       7 |       0 |   0.0
            +---------+---------+-------+---------+---------+-------

Skill      XL: |  1  2  3  4 |
---------------+-------------+-----
Axes           | 3 4 |  4.0
Armour         | 4 |  4.3
Fighting       | 4 |  4.2
Shields        | 4 |  4.3

Action                     |  1- 3 |  4- 6 || total
---------------------------+-------+-------++-------
  Melee: War axe           |    74 |    49 ||   123
         Headbutt          |     9 |     9 ||    18
    Use: Potion            |       |     1 ||     1
 Armour: Scale mail        |    45 |    26 ||    71
  Dodge: Dodged            |    40 |    16 ||    56
  Block: Buckler           |    19 |    17 ||    36

Illustrated notes

Table legend:
 A = Kills in this place as a percentage of kills in the entire game.
 B = Kills by you in this place as a percentage of kills by you in the entire game.
 C = Kills by friends in this place as a percentage of kills by friends in the entire game.
 D = Other kills in this place as a percentage of other kills in the entire game.
 E = Experience gained in this place as a percentage of experience gained in the entire game.
 F = Experience gained in this place divided by the number of levels of this place that you have seen.
                   A       B       C       D       E      F
               +-------+-------+-------+-------+-------+----------------------
         Total | 100.0 | 100.0 |   N/A |   N/A | 100.0 |  46.7
       Dungeon | 100.0 | 100.0 |   N/A |   N/A | 100.0 |  46.7
               +-------+-------+-------+-------+-------+----------------------

Table legend: (Time is in decaauts)
 A = Elapsed time spent in this place.
 B = Non-inter-level travel time spent in this place.
 C = Inter-level travel time spent in this place.
 D = Time resting spent in this place.
 E = Time spent auto-exploring this place.
 F = Levels seen in this place.
 G = Mean time per level.
                   A        B        C        D        E       F      G
               +--------+--------+--------+--------+--------+-----+--------+
         Total |   1619 |   1580 |     39 |      0 |   1266 |   3 |  539.7 |
       Dungeon |   1619 |   1580 |     39 |      0 |   1266 |   3 |  539.7 |
               +--------+--------+--------+--------+--------+-----+--------+

Top non-repeatable levels by time:
     D:1: 732 daAuts
     D:2: 623 daAuts
     D:3: 262 daAuts
